Map: Hardwire LE

Players

Nina - Winner!

  • Race: Protoss Protoss
  • League: Grandmaster

ByuN

  • Race: Terran Terran

Event: DreamHack SC2 Masters Last Chance 2022

VOD

Have the link to the VOD?

Description

Time

  • Played on: Dec. 19, 2021, 8:35 p.m.
  • Length: 16:18

All games in this series

Show
View Real Time Build Order
Export as new Build Order

Nina Protoss - Winner!

Build Orders: 1 Gate Expand, Colossus Rush 

Get SALT Encoding   

  12  0:00  Probe  
  13  0:12  Probe  
  14  0:20  Pylon  
  14  0:24  Probe  
  15  0:38  Probe (Chrono Boost)  
  15  0:39  Gateway  
  16  0:44  Assimilator  
  16  0:47  Probe (Chrono Boost)  
  17  0:52  Probe  
  18  1:04  Probe  
  19  1:17  Probe  
  20  1:25  Cybernetics Core  
  20  1:33  Nexus  
  20  1:40  Pylon  
  20  1:42  Probe  
  21  1:52  Assimilator  
  21  1:54  Probe  
  21  1:59  Stalker (Chrono Boost)  
  22  2:03  Warp Gate  
  22  2:06  Probe  
  24  2:18  Probe  
  24  2:20  Stalker (Chrono Boost)  
  27  2:30  Probe  
  28  2:39  Robotics Facility  
  28  2:43  Probe (Chrono Boost)  
  29  2:45  Stalker  
  29  2:46  Probe (Chrono Boost)  
  32  2:55  Shield Battery  
  34  3:00  Probe (Chrono Boost)  
  34  3:01  Probe (Chrono Boost)  
  34  3:05  Probe (Chrono Boost)  
  34  3:07  Probe (Chrono Boost)  
  33  3:24  Probe (Chrono Boost)  
  33  3:26  Probe (Chrono Boost)  
  35  3:29  Observer  
  37  3:35  Probe (Chrono Boost)  
  37  3:38  Probe (Chrono Boost)  
  37  3:40  Probe (Chrono Boost)  
  38  3:41  Gateway  
  38  3:47  Probe  
  40  3:49  Robotics Bay  
  40  3:51  Probe (Chrono Boost)  
  40  3:53  Pylon  
  40  3:54  Observer  
  42  3:56  Stalker  
  46  4:03  Assimilator, Probe x2 (Chrono Boost)  
  46  4:07  Pylon  
  46  4:11  Probe (Chrono Boost)  
  46  4:13  Probe (Chrono Boost)  
  46  4:16  Pylon  
  48  4:20  Warp Prism  
  48  4:23  Probe  
  51  4:27  Probe  
  52  4:33  Assimilator  
  52  4:35  Probe  
  50  4:46  Probe  
  50  4:52  Probe  
  51  4:55  Colossus (Chrono Boost)  
  51  4:58  Probe  
  58  5:03  Gravitic Drive  
  58  5:04  Probe  
  59  5:10  Probe  
  60  5:14  Stalker  
  60  5:15  Stalker  
  60  5:16  Probe  
  60  5:21  Pylon  
  64  5:22  Probe  
  64  5:25  Twilight Council  
  65  5:28  Probe  
  65  5:33  Pylon  
  66  5:38  Disruptor  
  69  5:45  Nexus  
  69  5:49  Pylon  
  69  5:50  Probe  
  69  5:54  Gateway  
  70  5:58  Stalker  
  72  6:05  Probe  
  72  6:07  Probe  
  72  6:11  Blink (Chrono Boost)  
  73  6:13  Disruptor (Chrono Boost)  
  73  6:17  Gateway, Probe  
  77  6:22  Gateway  
  77  6:29  Probe  
  77  6:32  Probe  
  79  6:40  Gateway  
  79  6:41  Probe  
  79  6:43  Shield Battery  
  79  6:45  Disruptor (Chrono Boost), Sentry  
  79  6:46  Sentry  
  87  6:53  Shield Battery  
  87  6:56  Probe  
  87  6:57  Forge  
  87  6:58  Probe  
  89  7:04  Stalker  
  89  7:07  Probe  
  92  7:10  Pylon  
  92  7:11  Probe  
  92  7:12  Disruptor (Chrono Boost)  
  96  7:18  Probe  
  96  7:19  Probe, Pylon  
  98  7:23  Probe  
  99  7:31  Stalker x2  
  99  7:34  Stalker, Pylon  
  105  7:38  Stalker  
  105  7:39  Stalker  
  104  7:46  Protoss Ground Armor Level 1 (Chrono Boost)  
  104  7:54  Stalker x2, Probe  
  104  7:55  Stalker  
  111  8:04  Colossus (Chrono Boost)  
  117  8:08  Extended Thermal Lance, Probe  
  117  8:11  Gateway  
  118  8:13  Gateway, Probe x2  
  118  8:16  Assimilator  
  118  8:17  Assimilator  
  118  8:19  Photon Cannon  
  120  8:23  Charge  
  120  8:24  Photon Cannon  
  120  8:26  Probe  
  121  8:33  Probe, Pylon  
  122  8:37  Pylon  
  122  8:39  Probe  
  122  8:40  Probe  
  124  8:44  Zealot x4  
  124  8:48  Probe  
  131  9:00  Nexus  
  131  9:03  Probe  
  131  9:04  Forge  
  132  9:10  Templar Archives  
  132  9:18  Zealot x5  
  132  9:22  Zealot x3  
  147  9:32  Probe  
  148  9:38  Protoss Ground Weapons Level 1 (Chrono Boost)  
  148  9:40  Probe  
  149  9:47  Gateway  
  149  9:51  Pylon x2  
  149  9:52  Nexus, Protoss Ground Armor Level 2 (Chrono Boost)  
  149  9:54  Pylon  
  149  9:55  Pylon  
  149  9:56  Pylon  
  149  10:00  Pylon  
  147  10:13  Zealot x6  
  159  10:22  Zealot x2  
  163  10:35  Zealot x5  
  155  10:47  Zealot x4  
  153  10:51  Probe x2  
  143  10:58  Zealot x4  
  143  10:59  Zealot  
  143  11:00  Probe  
  143  11:03  Probe  
  147  11:07  Warp Prism (Chrono Boost)  
  147  11:09  Probe  
  150  11:15  Assimilator  
  150  11:16  Assimilator  
  150  11:23  High Templar x7  
  164  11:27  Gateway, Archon x2  
  164  11:28  Archon, High Templar  
  164  11:29  Probe  
  167  11:39  Pylon  
  159  11:40  Archon  
  159  11:41  Probe, High Templar  
  159  11:43  Warp Prism (Chrono Boost)  
  164  11:49  Robotics Facility  
  164  11:52  Nexus  
  164  11:54  Pylon  
  164  11:57  Protoss Ground Weapons Level 2 (Chrono Boost)  
  164  12:00  Zealot x5  
  174  12:21  Zealot x4  
  174  12:22  Zealot x5  
  176  12:23  Zealot  
  176  12:29  Probe  
  167  12:31  Zealot x2  
  167  12:32  Zealot  
  167  12:35  Probe  
  149  12:46  Stalker x6  
  161  12:54  Stalker x3  
  161  12:55  Probe  
  161  12:56  Probe  
  161  12:57  Probe x2  
  171  13:00  Robotics Facility  
  165  13:07  Probe  
  165  13:10  Zealot x2  
  165  13:11  Zealot x3  
  170  13:17  Protoss Ground Armor Level 3 (Chrono Boost)  
  170  13:19  Psionic Storm  
  170  13:22  High Templar x4  
  170  13:23  Probe  
  170  13:24  Probe  
  176  13:34  Disruptor  
  176  13:37  High Templar x2  
  176  13:38  Archon, High Templar x3  
  176  13:39  Archon  
  176  13:40  Disruptor  
  192  13:42  Archon  
  192  13:43  Archon  
  192  13:45  Probe  
  189  13:48  Gateway  
  189  13:58  Zealot x4  
  165  14:10  Disruptor  
  165  14:14  Zealot x2  
  165  14:15  Zealot x3  
  166  14:19  Stalker x3  
  166  14:20  Stalker  
  166  14:21  Probe  
  122  14:35  Zealot x5  
  122  14:38  Probe  
  125  14:39  Colossus  
  129  14:46  Colossus, High Templar x5  
  129  14:50  Archon x2  
  135  14:55  Zealot x2  
  135  14:56  Zealot x3  
  135  14:57  Colossus  
  151  15:02  Probe x2  
  151  15:05  Probe  
  151  15:06  Probe  
  152  15:13  Stalker x4  
  152  15:14  Probe x2  
  157  15:17  Probe  
  157  15:19  Probe  
  149  15:23  Zealot x5  
  149  15:26  Probe x2  
  143  15:38  Pylon  
  135  15:45  Stalker x4  
  135  15:46  Stalker x2  
  140  15:56  Shield Battery  
  129  16:05  Zealot x4  
  120  16:12  Stalker x2  
  120  16:13  Stalker x2  
Show
View Real Time Build Order
Export as new Build Order

ByuN Terran 

Build Orders:  

Get SALT Encoding   

  12  0:00  SCV  
  13  0:12  SCV  
  14  0:16  Supply Depot  
  14  0:24  SCV  
  15  0:38  SCV, Barracks  
  16  0:43  Refinery  
  16  0:50  SCV  
  16  0:53  Refinery  
  17  1:02  SCV  
  18  1:14  SCV  
  20  1:25  Reaper  
  20  1:27  Orbital Command  
  20  1:40  Factory  
  20  1:47  Supply Depot  
  20  1:52  SCV  
  21  1:57  Reaper  
  22  2:04  SCV  
  23  2:16  SCV  
  23  2:21  Command Center  
  24  2:26  Hellion  
  24  2:29  SCV  
  27  2:31  Barracks Reactor  
  27  2:40  Starport  
  27  2:43  SCV  
  28  2:47  Supply Depot  
  28  2:52  Widow Mine  
  28  2:55  SCV  
  31  3:09  SCV, Marine x2  
  34  3:14  Widow Mine  
  36  3:23  Medivac  
  36  3:24  SCV  
  39  3:31  Marine x2  
  39  3:35  Orbital Command  
  39  3:38  Bunker  
  39  3:39  Factory Tech Lab  
  39  3:40  SCV  
  39  3:49  Marine x2  
  41  4:01  SCV x2  
  43  4:03  Factory Tech Lab  
  43  4:06  Barracks  
  43  4:07  Marine x2  
  45  4:10  Raven  
  45  4:11  Refinery  
  45  4:14  Supply Depot  
  45  4:16  SCV  
  48  4:17  SCV  
  49  4:24  Siege Tank  
  49  4:28  SCV  
  49  4:29  SCV  
  54  4:35  Marine x2  
  56  4:40  SCV  
  56  4:41  SCV  
  57  4:52  SCV  
  57  4:53  Supply Depot, Marine x2  
  57  4:54  SCV  
  60  5:04  Viking  
  62  5:08  Supply Depot  
  62  5:09  SCV, Siege Tank  
  62  5:10  Engineering Bay  
  62  5:14  SCV  
  67  5:15  Marauder, Stimpack  
  69  5:21  SCV  
  69  5:24  Marine  
  69  5:26  Barracks  
  71  5:30  SCV  
  71  5:31  Supply Depot  
  71  5:35  Refinery  
  72  5:37  Starport Reactor  
  72  5:38  Missile Turret  
  72  5:40  Terran Infantry Weapons Level 1  
  72  5:45  SCV x2  
  72  5:48  Siege Tank  
  77  5:51  Marine  
  77  5:52  Marine  
  77  5:56  Marauder  
  81  5:58  SCV x2  
  83  6:05  Supply Depot  
  83  6:10  SCV x2  
  83  6:12  Supply Depot  
  83  6:13  Marine x2  
  83  6:16  Barracks Tech Lab  
  83  6:18  Marauder  
  87  6:20  Medivac  
  89  6:32  Siege Tank  
  90  6:39  SCV  
  92  6:40  SCV, Command Center  
  92  6:49  Marauder x2  
  92  6:51  Combat Shield  
  92  6:53  Missile Turret  
  96  6:55  Medivac  
  96  6:58  Medivac  
  96  7:00  Marine x2  
  104  7:11  Barracks  
  104  7:12  Barracks  
  104  7:14  Marauder  
  104  7:15  Marauder  
  106  7:18  Marine x2  
  108  7:24  Supply Depot  
  108  7:27  Siege Tank  
  111  7:37  Marauder x2, Marine x2  
  111  7:41  SCV x2  
  118  7:55  Marine x2  
  115  7:59  Marauder x2, Siege Tank  
  115  8:01  SCV x2  
  122  8:06  Barracks Reactor, Barracks Tech Lab  
  122  8:07  Supply Depot  
  122  8:10  Supply Depot  
  122  8:13  SCV x2  
  122  8:14  Marine x2  
  122  8:17  Orbital Command  
  126  8:20  Marauder x2  
  126  8:25  SCV  
  126  8:26  SCV  
  134  8:27  Marauder  
  134  8:31  Missile Turret, Terran Infantry Armor Level 1  
  134  8:38  SCV x2  
  134  8:40  Marine x2  
  138  8:41  Marauder x2  
  142  8:51  Armory  
  142  8:52  Engineering Bay  
  142  8:54  Marauder  
  142  8:55  Marine x2  
  144  8:57  Marine  
  144  8:58  SCV x3, Marine  
  148  9:03  Marauder x2  
  148  9:06  Concussive Shells  
  152  9:13  Marine x2  
  152  9:15  Marauder, Marine  
  153  9:21  Medivac  
  153  9:22  Medivac  
  157  9:28  Supply Depot, Refinery  
  157  9:29  Supply Depot, Refinery  
  156  9:31  Supply Depot  
  156  9:34  Marauder x2  
  156  9:36  Siege Tank  
  157  9:49  Marine x2  
  157  9:50  SCV x3, Marine x2  
  157  9:51  Medivac  
  157  9:52  Medivac  
  166  10:02  Marauder x3, SCV  
  172  10:09  Marine x3  
  172  10:10  Marine  
  172  10:11  Siege Tank  
  167  10:21  Medivac  
  167  10:22  Medivac  
  167  10:23  Marauder x2  
  167  10:24  Marauder  
  167  10:27  Marine x4  
  177  10:29  SCV x2  
  177  10:30  SCV  
  177  10:41  SCV x2  
  177  10:42  SCV  
  175  10:49  Marauder x3  
  169  10:50  Siege Tank  
  169  10:53  SCV x2  
  169  10:55  Marine x2  
  169  10:57  SCV  
  173  10:59  Medivac x2  
  174  11:04  Engineering Bay  
  174  11:05  SCV  
  174  11:06  SCV, Ghost Academy  
  174  11:10  Refinery  
  176  11:11  Refinery  
  176  11:19  Ghost Academy  
  176  11:21  Marauder x2, Marine  
  176  11:22  Marine x2  
  181  11:31  Terran Infantry Armor Level 2  
  181  11:34  Engineering Bay  
  173  11:42  Ghost x3  
  173  11:45  Marine x2  
  181  11:50  Supply Depot  
  181  11:51  Terran Infantry Weapons Level 2  
  181  11:54  Marine x2  
  154  12:08  Marine x2  
  155  12:11  Ghost x3  
  155  12:12  Marine x2  
  159  12:17  SCV  
  144  12:32  Marine x4  
  144  12:36  Orbital Command  
  125  12:38  SCV  
  125  12:39  Ghost  
  125  12:40  Marauder x2  
  119  12:51  Marine x2  
  119  12:54  Marine x2  
  123  13:01  Marauder  
  122  13:05  Marauder  
  122  13:08  Marauder  
  122  13:09  Marine x2  
  122  13:12  Marine  
  125  13:15  Marine  
  126  13:22  Medivac x2, Marine  
  131  13:29  Command Center  
  135  13:34  Marauder x2, Marine x2  
  135  13:37  Marine x2  
  135  13:50  Marauder  
  135  13:51  Siege Tank  
  135  13:53  Marine x2  
  135  13:55  Marauder x2, Marine x2  
  135  14:10  Marine  
  135  14:12  Marauder  
  135  14:17  Marauder x2, Marine x2  
  126  14:23  SCV  
  107  14:25  SCV  
  107  14:27  SCV  
  99  14:33  Marauder  
  99  14:34  Marine x2  
  99  14:35  SCV, Marine x2  
  99  14:38  Marauder  
  106  14:39  Marine  
  104  14:52  Marine  
  103  14:54  Marauder  
  103  14:56  Marine x2  
  103  14:57  Marine  
  103  14:58  Marauder  
  103  14:59  Marauder  
  112  15:08  Orbital Command  
  112  15:10  Marine  
  113  15:15  Ghost  
  113  15:18  Ghost  
  115  15:22  Marauder  
  115  15:23  Marine x2  
  115  15:24  Marine  
  103  15:38  Marine  
  103  15:41  Marine x2  
  101  15:44  Marauder x2  
  101  15:46  Marine  
  101  15:48  Marauder  
  98  15:56  Marine  

Tags
 
Add a new tag
Caveats
  • Supply blocks, unpowered buildings, or Contaminate may cause inaccurate times.
  • Supply counts are checked every 10 seconds.